AoeStats
← Nicholas

Black Forest

510346687Analyzed
4v4 RM · 9h ago on Sep 30, 2026· 49m 6s· 8 players
Game mode
Random Map
Map size
Large (8 player)
Population
200
Speed
Normal
Resources
Standard
Victory
Conquest
Starting age
Dark Age
Ending age
Imperial Age
RankedLock teamsTeams togetherTeam positionsShared explorationLock speedFull tech treeHidden civsTurbo modeCheats
Victory
Defeat
🇨🇴 Dravidians · Colombia
1198
+16
1146
+18
🇹🇼 Byzantines · Taiwan
1104
+19
🇧🇪 Celts · Belgium
1096
+20
🇸🇰 Shu · Slovakia
1324
-24
🇸🇰 Saxons · Slovakia
1156
-17
🇨🇿 Italians · Czechia
1149
-17
🇨🇿 Japanese · Czechia
1100
-15
How do you turn this on
3:21 Loom
10:02 Feudal Age
15:38 Castle Age
13:51 Double-Bit Axe
14:16 Horse Collar
21:13 Wheelbarrow
23:37 Gold Mining
23:40 Stone Mining
24:47 Hand Cart
24:18 Town Watch
30:07 Imperial Age
27:53 Heavy Plow
28:05 Bow Saw
28:16 Scale Barding Armor
29:37 Forging
29:59 Bloodlines
29:50 Husbandry
30:45 Conscription
30:52 Elite War Elephant
32:01 Chain Barding Armor
32:01 Caravan
32:06 Murder Holes
33:20 Light Cavalry
35:21 Plate Barding Armor
35:33 Iron Casting
37:29 Citadels
37:21 Kamandaran
39:17 Blast Furnace
39:00 Crop Rotation
38:37 Squires
38:23 Arson
40:47 Scale Mail Armor
44:30 Devotion
48:24 Chain Mail Armor
47:59 Fletching
48:10 Padded Archer Armor
49:17 Two-Man Saw
Hymoteptep
0:47 Loom
10:25 Feudal Age
12:01 Double-Bit Axe
16:49 Castle Age
17:58 Bow Saw
18:00 Horse Collar
21:10 Heavy Plow
23:46 Wheelbarrow
23:30 Town Watch
25:00 Gold Mining
26:32 Hand Cart
26:34 Town Patrol
27:24 Gold Shaft Mining
27:47 Stone Mining
31:44 Imperial Age
30:57 Stone Shaft Mining
32:15 Fortified Wall
32:40 Onager
35:26 Forging
35:16 Scale Mail Armor
35:22 Caravan
36:05 Siege Engineers
37:07 Chemistry
36:36 Elite Woad Raider
38:46 Iron Casting
38:27 Chain Mail Armor
41:01 Conscription
42:22 Blast Furnace
41:53 Plate Mail Armor
41:14 Fletching
45:19 Furor Celtica
47:05 Capped Ram
47:09 Pikeman
47:56 Bodkin Arrow
49:02 Siege Ram
oscaramba
10:03 Feudal Age
14:36 Castle Age
13:48 Double-Bit Axe
13:44 Horse Collar
18:25 Loom
21:52 Wheelbarrow
22:41 Bow Saw
23:02 Heavy Plow
28:17 Imperial Age
26:33 Gold Mining
26:35 Stone Mining
27:08 Hand Cart
26:40 Town Watch
27:31 Thumb Ring
27:51 Fletching
28:01 Padded Archer Armor
29:58 Chemistry
29:21 Ballistics
29:00 Bodkin Arrow
29:40 Elite Elephant Archer
30:24 Bracer
31:05 Masonry
31:37 Medical Corps
32:08 Conscription
33:14 Two-Man Saw
33:29 Husbandry
35:43 Leather Archer Armor
35:08 Siege Elephant
37:24 Ring Archer Armor
Nicholas
1:10 Loom
12:47 Feudal Age
17:22 Castle Age
15:33 Double-Bit Axe
15:58 Horse Collar
18:28 Wheelbarrow
18:22 Bow Saw
21:18 Heavy Plow
24:00 Gold Mining
24:01 Stone Mining
26:28 Gold Shaft Mining
26:29 Stone Shaft Mining
27:34 Hand Cart
30:22 Imperial Age
28:38 Fletching
29:12 Ballistics
30:03 Bodkin Arrow
31:04 Scale Mail Armor
31:17 Forging
32:46 Chemistry
31:48 Bracer
32:27 Conscription
32:32 Padded Archer Armor
33:37 Two-Man Saw
33:11 Crop Rotation
32:35 Treadmill Crane
33:05 Thumb Ring
32:45 Crossbowman
33:47 Greek Fire
33:16 Arbalester
35:10 Leather Archer Armor
35:17 Logistica
35:10 Squires
36:01 Arson
36:49 Ring Archer Armor
36:44 Scale Mail Armor
36:25 Elite Varangian Guard
37:49 Hoardings
37:56 Chain Mail Armor
38:05 Murder Holes
41:18 Plate Mail Armor
41:29 Bombard Tower
43:16 Iron Casting
N3znamy
10:43 Feudal Age
12:17 Double-Bit Axe
14:45 Castle Age
17:52 Bow Saw
17:47 Horse Collar
23:09 Wheelbarrow
23:55 Gold Mining
24:51 Heavy Plow
26:29 Gold Shaft Mining
25:46 Stone Mining
26:33 Hand Cart
30:25 Imperial Age
27:42 Loom
27:42 Town Watch
27:57 Fletching
28:07 Padded Archer Armor
28:08 Scale Mail Armor
28:47 Bodkin Arrow
30:07 Leather Archer Armor
30:16 Ballistics
30:07 Masonry
31:12 Fortified Wall
31:29 Onager
32:43 Bracer
33:14 Ring Archer Armor
32:07 Crossbowman
32:53 Thumb Ring
32:57 Arbalester
33:59 Forging
33:51 Bolt Magazine
34:11 Conscription
34:27 Hoardings
33:47 Pikeman
34:28 Squires
34:57 Conscription
34:41 Coiled Serpent Array
37:08 Chain Mail Armor
36:31 Halberdier
37:19 Onager
39:31 Plate Mail Armor
38:27 Elite White Feather Guard
40:04 Onager
Wandraak
1:40 Loom
9:52 Feudal Age
15:15 Castle Age
13:09 Double-Bit Axe
13:46 Horse Collar
16:13 Bow Saw
18:12 Wheelbarrow
20:14 Heavy Plow
26:29 Imperial Age
24:46 Gold Mining
26:06 Hand Cart
26:30 Town Watch
27:23 Stone Mining
30:03 Two-Man Saw
31:10 Chemistry
30:21 Masonry
30:24 Pirotechnia
30:35 Conscription
31:04 Guilds
30:54 Caravan
31:30 Silk Road
33:54 Padded Archer Armor
34:00 Scale Barding Armor
34:06 Forging
39:04 Leather Archer Armor
39:10 Chain Barding Armor
42:10 Fletching
42:51 Ring Archer Armor
43:28 Hoardings
43:20 Town Patrol
44:02 Crop Rotation
43:42 Onager
lenosmas
1:28 Loom
2:43 Loom
10:53 Feudal Age
11:37 Double-Bit Axe
15:23 Castle Age
16:36 Bow Saw
18:19 Wheelbarrow
17:58 Horse Collar
22:18 Heavy Plow
23:48 Gold Mining
24:01 Town Watch
25:14 Stone Mining
26:29 Treadmill Crane
28:18 Gold Shaft Mining
29:04 Fletching
31:50 Imperial Age
29:42 Hand Cart
29:25 Guard Tower
29:46 Yasama
30:56 Masonry
31:08 Ballistics
30:46 Murder Holes
32:14 Caravan
33:01 Conscription
32:52 Bodkin Arrow
36:14 Scale Mail Armor
36:24 Forging
36:14 Bracer
35:58 Elite Samurai
37:15 Hoardings
36:31 Arrowslits
37:43 Keep
39:27 Pikeman
40:09 Squires
40:32 Chain Mail Armor
40:52 Iron Casting
40:29 Halberdier
kingouš
12:20 Feudal Age
16:14 Castle Age
14:05 Double-Bit Axe
14:07 Horse Collar
17:56 Bow Saw
25:12 Loom
27:27 Wheelbarrow
27:41 Heavy Plow
31:00 Imperial Age
29:20 Hand Cart
29:32 Gold Mining
29:32 Stone Mining
31:37 Arson
31:53 Squires
31:13 Elite Varangian Guard
31:41 Gambesons
31:57 Scale Mail Armor
32:07 Forging
32:21 Conscription
31:27 Shield Wall
33:32 Two-Man Saw
33:05 Crop Rotation
32:54 Chain Mail Armor
34:03 Iron Casting
34:57 Plate Mail Armor
35:18 Coinage
36:49 Banking
Connection lost

Rejoining the realm…

Still unreachable

The connection could not be restored.

Session expired

The server has moved on; the page needs a fresh start.